AoeStats
← Nopec

Arena

506797854Analyzed
4v4 RM · 18d ago on Sep 15, 2026· 62m 40s· 8 players
Game mode
Random Map
Map size
Large (8 player)
Population
200
Speed
Normal
Resources
Standard
Victory
Conquest
Starting age
Dark Age
Ending age
Imperial Age
RankedLock teamsTeams togetherTeam positionsShared explorationLock speedFull tech treeHidden civsTurbo modeCheats
Victory
Defeat
🇮🇩 Teutons · Indonesia
853
+12
🇨🇳 Khmer · China
772
+15
🇮🇩 Persians · Indonesia
737
+17
🇮🇳 Goths · India
719
+18
🇨🇦 Khmer · Canada
774
-16
🇩🇪 Malay · Germany
768
-16
🇲🇽 Mongols · Mexico
750
-15
🇲🇽 Huns · Mexico
745
-15
ostiinn
0:54 Loom
12:36 Feudal Age
16:42 Castle Age
14:50 Horse Collar
16:23 Double-Bit Axe
17:47 Wheelbarrow
22:11 Bow Saw
22:52 Heavy Plow
24:15 Gold Mining
26:37 Stone Mining
34:10 Imperial Age
34:55 Ballistics
34:53 Bloodlines
34:44 Husbandry
34:13 Onager
35:47 Drill
35:50 Conscription
36:48 Chemistry
36:06 Murder Holes
36:23 Fortified Wall
36:39 Capped Ram
38:07 Light Cavalry
39:02 Siege Onager
40:36 Caravan
43:26 Hussar
49:22 Elite Mangudai
54:21 Heavy Camel Rider
61:14 Fletching
Nopec
8:31 Loom
11:11 Feudal Age
11:00 Double-Bit Axe
10:56 Horse Collar
11:16 Man-at-Arms
15:07 Arson
17:20 Wheelbarrow
22:18 Castle Age
20:53 Stone Mining
22:22 Pikeman
23:17 Gold Mining
24:51 Fletching
27:14 Bow Saw
27:22 Heavy Plow
28:48 Town Watch
30:13 Forging
32:12 Iron Casting
32:30 Long Swordsman
33:13 Squires
35:53 Scale Barding Armor
36:24 Husbandry
39:12 Imperial Age
38:44 Gold Shaft Mining
39:05 Two-Handed Swordsman
40:10 Conscription
40:13 Hand Cart
41:34 Chemistry
42:19 Blast Furnace
42:31 Ballistics
42:07 Murder Holes
44:42 Halberdier
44:53 Elite Battle Elephant
45:39 Forced Levy
46:25 Onager
46:31 Heavy Scorpion
51:48 Siege Engineers
52:24 Caravan
53:30 Town Patrol
Orangetang
13:16 Feudal Age
13:38 Horse Collar
13:46 Double-Bit Axe
13:53 Gold Mining
13:59 Stone Mining
20:49 Castle Age
23:52 Bow Saw
24:12 Heavy Plow
24:55 Wheelbarrow
25:00 Fletching
25:21 Scale Barding Armor
25:27 Forging
25:57 Stone Shaft Mining
25:58 Gold Shaft Mining
27:55 Caravan
33:37 Imperial Age
31:39 Hand Cart
32:58 Bodkin Arrow
33:39 Iron Casting
33:24 Chain Barding Armor
34:39 Town Watch
34:40 Loom
35:29 Ballistics
35:07 Murder Holes
35:23 Fortified Wall
35:20 Siege Engineers
36:11 Double Crossbow
35:39 Elite Ballista Elephant
36:57 Conscription
37:05 Town Patrol
37:27 Masonry
38:35 Bracer
39:36 Blast Furnace
39:12 Plate Barding Armor
39:50 Hoardings
39:45 Husbandry
39:59 Bloodlines
39:12 Cavalier
39:19 Light Cavalry
41:01 Hussar
Azteca Beleren
10:51 Loom
12:52 Feudal Age
14:49 Double-Bit Axe
14:47 Horse Collar
17:06 Gold Mining
20:48 Castle Age
18:57 Stone Mining
20:49 Bloodlines
20:53 Forging
20:50 Scale Barding Armor
22:02 Husbandry
22:28 Bow Saw
22:30 Heavy Plow
24:47 Masonry
25:20 Iron Casting
27:19 Gold Shaft Mining
29:25 Chain Barding Armor
30:47 Marauders
31:37 Wheelbarrow
34:33 Hand Cart
40:08 Imperial Age
47:57 Elite Tarkan
48:59 Conscription
49:18 Atheism
49:50 Parthian Tactics
49:33 Thumb Ring
48:49 Heavy Cavalry Archer
53:16 Blast Furnace
52:53 Plate Barding Armor
53:39 Caravan
55:45 Light Cavalry
57:01 Coinage
56:43 Guilds
xporx57248
0:41 Loom
12:26 Feudal Age
16:54 Castle Age
14:52 Horse Collar
15:46 Bloodlines
16:12 Double-Bit Axe
19:55 Heavy Plow
25:33 Gold Mining
26:54 Wheelbarrow
27:59 Stone Mining
30:43 Imperial Age
28:32 Hand Cart
29:28 Stone Shaft Mining
30:23 Gold Shaft Mining
31:05 Bow Saw
33:27 Crop Rotation
38:53 Conscription
37:54 Elite Ballista Elephant
42:15 Double Crossbow
45:38 Forging
46:15 Scale Barding Armor
48:25 Husbandry
47:49 Light Cavalry
49:51 Iron Casting
49:36 Chain Barding Armor
52:13 Blast Furnace
51:59 Hussar
53:17 Caravan
53:48 Coinage
55:13 Plate Barding Armor
54:30 Fletching
54:40 Padded Archer Armor
58:20 Banking
FluxyAshYT
13:11 Feudal Age
18:18 Castle Age
17:58 Stone Mining
19:25 Pikeman
20:03 Double-Bit Axe
21:47 Horse Collar
24:40 Scale Mail Armor
26:03 Gold Mining
30:38 Imperial Age
29:05 Wheelbarrow
29:39 Squires
31:30 Perfusion
33:01 Anarchy
32:25 Elite Huskarl
33:32 Heavy Plow
36:21 Chain Mail Armor
36:17 Forging
37:24 Town Watch
37:28 Capped Ram
38:46 Conscription
41:16 Iron Casting
45:54 Blast Furnace
48:36 Caravan
+62 | Farhan
11:58 Feudal Age
12:28 Double-Bit Axe
12:28 Horse Collar
19:10 Castle Age
18:46 Stone Mining
18:51 Gold Mining
19:40 Wheelbarrow
22:18 Heavy Plow
22:32 Bow Saw
24:40 Stone Shaft Mining
27:19 Hand Cart
27:59 Forging
27:49 Scale Mail Armor
30:29 Fortified Wall
30:42 Ballistics
31:04 Iron Casting
30:45 Chain Mail Armor
30:20 Fletching
30:21 Gambesons
30:36 Squires
30:22 Arson
36:01 Imperial Age
36:32 Bodkin Arrow
37:30 Crenellations
36:34 Elite Teutonic Knight
37:37 Conscription
39:33 Blast Furnace
39:04 Plate Mail Armor
40:00 Chemistry
39:20 Siege Engineers
39:13 Heated Shot
39:36 Masonry
38:52 Capped Ram
41:55 Ironclad
48:22 Scale Barding Armor
47:48 Cavalier
48:39 Bloodlines
50:15 Padded Archer Armor
50:37 Chain Barding Armor
49:51 Paladin
54:24 Plate Barding Armor
58:26 Caravan
58:55 Sappers
60:04 Hoardings
59:26 Arrowslits
Ermour
11:15 Feudal Age
18:58 Castle Age
20:44 Loom
21:07 Double-Bit Axe
22:25 Horse Collar
25:56 Stone Mining
26:16 Heavy Plow
26:37 Bow Saw
26:10 Pikeman
28:52 Town Watch
29:42 Wheelbarrow
33:04 Imperial Age
32:08 Stone Shaft Mining
31:24 Gold Mining
33:19 Kamandaran
33:16 Halberdier
33:56 Squires
33:41 Arson
34:20 Conscription
34:59 Town Patrol
35:14 Hand Cart
34:25 Crossbowman
35:11 Thumb Ring
36:56 Chemistry
36:17 Ballistics
36:54 Gold Shaft Mining
36:36 Citadels
38:03 Two-Man Saw
37:39 Crop Rotation
38:37 Caravan
42:34 Scale Barding Armor
42:40 Forging
42:31 Padded Archer Armor
42:47 Masonry
42:29 Guard Tower
42:04 Elite War Elephant
43:21 Hoardings
46:25 Light Cavalry
47:16 Bloodlines
49:35 Hussar
Connection lost

Rejoining the realm…

Still unreachable

The connection could not be restored.

Session expired

The server has moved on; the page needs a fresh start.